[Event "Titled Tuesday Blitz October 25 Early 2022"]
[White "Indjic, Aleksandar"]
[Black "Gabrielian, Artur"]
[WhiteFideId "911925"]
[BlackFideId "4131002"]
[WhiteElo "2592"]
[BlackElo "2432"]
[Result "0-1"]
[Round "10"]
[TimeControl "180+1"]
[Date "2022.10.25"]
[WhiteClock "0:01:29"]
[BlackClock "0:00:12"]

1. d4 Nf6 2. c4 g6 3. Nc3 d5 4. Nf3 Bg7 5. h4 c6 6. cxd5 cxd5 7. Bf4 O-O 8. e3 Nc6 9. Qb3 Na5 10. Qa3 Nc6 11. Bd3 a5 12. Nb5 Nb4 13. O-O Nxd3 14. Qxd3 Bf5 15. Qa3 Qb6 16. Nc7 Rac8 17. Qxe7 Rfd8 18. Rac1 Bf8 19. Qe5 Ng4 20. Nxd5 Qxb2 21. Rxc8 Rxc8 22. Ne7+ Bxe7 23. Qxe7 Bd3 24. Ne5 Qxf2+ 0-1


[Site "https://www.chess.com"]

[Event "Titled Tuesday Blitz October 25 Early 2022"]
[White "Jobava, Baadur"]
[Black "Caruana, Fabiano"]
[WhiteFideId "13601520"]
[BlackFideId "2020009"]
[WhiteElo "2582"]
[BlackElo "2847"]
[Result "1-0"]
[Round "10"]
[TimeControl "180+1"]
[Date "2022.10.25"]
[WhiteClock "0:00:19"]
[BlackClock "0:00:03"]

1. b3 e5 2. Bb2 Nc6 3. Nf3 d6 4. d4 e4 5. d5 Nce7 6. Ng5 f5 7. e3 c6 8. Nc3 Ng6 9. h4 Nf6 10. Be2 Be7 11. Qd4 h6 12. Nh3 O-O 13. O-O-O c5 14. Qd2 a6 15. h5 Ne5 16. Nf4 Rf7 17. Ne6 Qa5 18. Kb1 b6 19. f4 Neg4 20. Bxg4 Nxg4 21. Qe2 Nf6 22. g4 fxg4 23. f5 b5 24. Rhg1 Bb7 25. Rxg4 Nxg4 26. Qxg4 Bf6 27. Nxe4 Bxb2 28. Kxb2 c4 29. Nf6+ Kh8 30. Qg6 gxf6 31. Qxf7 Rg8 32. Qxf6+ Kh7 33. Qf7+ Kh8 34. Qf6+ Kh7 35. Nf4 c3+ 36. Qxc3 Qxc3+ 37. Kxc3 Rg5 38. e4 Rxh5 39. Nxh5 1-0


[Site "https://www.chess.com"]

[Event "Titled Tuesday Blitz October 25 Early 2022"]
[White "Jones, Gawain C B"]
[Black "Deac, Bogdan-Daniel"]
[WhiteFideId "409561"]
[BlackFideId "1226380"]
[WhiteElo "2657"]
[BlackElo "2648"]
[Result "1/2-1/2"]
[Round "10"]
[TimeControl "180+1"]
[Date "2022.10.25"]
[WhiteClock "0:00:08"]
[BlackClock "0:00:14"]

1. Nf3 d5 2. g3 Nd7 3. Bg2 e5 4. O-O Ngf6 5. d3 c6 6. b3 Bd6 7. Bb2 O-O 8. Nbd2 Re8 9. e4 d4 10. Nh4 g6 11. a4 c5 12. Nc4 Bc7 13. Bc1 Nf8 14. Qe1 Nh5 15. f4 exf4 16. gxf4 Rb8 17. f5 b6 18. e5 Ba6 19. e6 Bxc4 20. bxc4 Qd6 21. Nf3 fxe6 22. fxg6 Nxg6 23. Qe4 Rf8 24. Bh6 Rxf3 25. Rxf3 Qxh2+ 26. Kf2 Nhf4 27. Bxf4 Nxf4 28. Rg1 Kh8 29. Kf1 Rg8 30. Rxf4 Qxf4+ 31. Qxf4 Bxf4 32. Rh1 Be3 33. Be4 Rf8+ 34. Ke1 h6 35. Rh2 Rf6 36. Rg2 h5 37. Rh2 Rh6 38. Rh4 Bg5 39. Rh3 Kg7 40. Ke2 h4 41. Kf3 Bf6 42. Kg2 Kf7 43. Rf3 Rh5 44. Kh3 Ke7 45. Rf2 Rg5 46. Rg2 Rxg2 47. Bxg2 Kd6 48. Kg4 a6 49. Kf4 Kc7 50. Bh3 Kd6 51. Bg2 Be5+ 52. Kg4 Bg3 53. Bb7 a5 54. Bg2 Ke5 55. Kf3 Kf5 56. Bh3+ Kf6 57. Ke4 e5 58. Bg2 Kg5 59. Bh3 Bf4 60. Kf3 Bg3 61. Ke4 Bh2 62. Kf3 Kf6 63. Ke4 Ke7 64. Kd5 Bg3 65. Kc6 Be1 66. Kxb6 Bb4 67. Kc6 Kf6 68. Kd5 Ba3 69. Ke4 Bb4 70. Kd5 Ba3 71. Ke4 Bb4 72. Bc8 Ba3 73. Kf3 Kg5 74. Ke4 Bb4 75. Kxe5 Kg6 76. Kf4 Kf6 77. Kg4 Be1 78. Kf4 Ke7 79. Ke4 Bb4 80. Kd5 Kd8 81. Bh3 Ke7 82. Ke5 Kf7 83. Kf5 Ke7 84. Ke5 Be1 85. Bg4 Bb4 86. Kd5 Kf6 87. Bc8 Kg5 88. Ke4 Kf6 89. Kf4 Ke7 90. Kg5 Be1 91. Kg4 Kd6 92. Bb7 Ke5 93. Be4 Kf6 94. Bg2 Ke5 95. Bh1 Kf6 96. Bf3 Ke5 97. Bg2 h3 98. Bxh3 Kf6 99. Kf4 Bb4 100. Ke4 Kg5 101. Kf3 Kh4 102. Bc8 Kg5 103. Bd7 Kf6 104. Kf4 Ke7 105. Bh3 Kf6 106. Bg4 Kg6 107. Bc8 Kf6 108. Bg4 Bd2+ 109. Ke4 Bb4 110. Kd5 Kg5 111. Be6 Kf4 112. Kc6 Ke3 113. Kb5 Kd2 114. Bf5 Kxc2 115. Be4 Kc3 116. Bf5 Kd2 117. Be4 Kc3 118. Bf5 Kd2 119. Be4 Kc3 1/2-1/2


[Site "https://www.chess.com"]

[Event "Titled Tuesday Blitz October 25 Early 2022"]
[White "Lamaze, Simon"]
[Black "Belov, Vladimir"]
[WhiteFideId "36069264"]
[BlackFideId "4132394"]
[WhiteElo "2272"]
[BlackElo "2498"]
[Result "1-0"]
[Round "10"]
[TimeControl "180+1"]
[Date "2022.10.25"]
[WhiteClock "0:00:51"]
[BlackClock "0:00:14"]

1. e4 c5 2. Nf3 d6 3. d4 cxd4 4. Nxd4 Nf6 5. Bb5+ Bd7 6. c4 g6 7. Nc3 Bg7 8. O-O O-O 9. h3 Nc6 10. Be3 Rc8 11. Rc1 a6 12. Bxc6 Bxc6 13. Qd3 Qa5 14. b3 Bd7 15. Bd2 Qc7 16. a4 Qb6 17. Be3 Qb4 18. Rb1 Bc6 19. Nc2 Qa5 20. b4 Qc7 21. a5 Bd7 22. Na3 Be6 23. Nd5 Bxd5 24. cxd5 Qc3 25. Rfd1 Qxd3 26. Rxd3 Nxe4 27. b5 Rc3 28. Rb3 axb5 29. Nxb5 Rxd3 30. Rxd3 Rc8 31. Rb3 Be5 32. g3 Rc2 33. Na3 Ra2 34. Nc4 Bf6 35. Rxb7 Nc3 36. a6 Rxa6 37. Nb6 Ra1+ 38. Kg2 Rb1 39. Bh6 1-0


[Site "https://www.chess.com"]

[Event "Titled Tuesday Blitz October 25 Early 2022"]
[White "Lymar, Vladislav"]
[Black "Kosakowski, Jakub"]
[WhiteFideId "14162180"]
[BlackFideId "1185080"]
[WhiteElo "2094"]
[BlackElo "2463"]
[Result "0-1"]
[Round "10"]
[TimeControl "180+1"]
[Date "2022.10.25"]
[WhiteClock "0:00:08"]
[BlackClock "0:01:31"]

1. e4 c6 2. d4 d5 3. e5 Bf5 4. Nd2 e6 5. Nb3 a6 6. Nf3 Nd7 7. Be2 c5 8. dxc5 Bxc5 9. Nxc5 Nxc5 10. Nd4 Ne7 11. O-O O-O 12. Bg5 Bg6 13. c3 Rc8 14. a4 Qc7 15. f4 Nf5 16. Nxf5 Bxf5 17. Qe1 Qb6 18. Kh1 Qxb2 19. c4 d4 20. Bf3 Rfe8 21. Qg3 d3 22. Bf6 Bg6 23. f5 exf5 24. Rab1 Qd4 25. Bg5 Ne4 26. Qh4 Qxc4 27. Rxb7 Nxg5 28. Qxg5 Rxe5 29. h4 h6 30. Qg3 d2 31. h5 Qxf1+ 32. Kh2 Qe1 33. hxg6 Qxg3+ 34. Kxg3 fxg6 0-1


[Site "https://www.chess.com"]

[Event "Titled Tuesday Blitz October 25 Early 2022"]
[White "Madaminov, Mukhiddin"]
[Black "Andreikin, Dmitry"]
[WhiteFideId "14210703"]
[BlackFideId "4158814"]
[WhiteElo "2341"]
[BlackElo "2736"]
[Result "0-1"]
[Round "10"]
[TimeControl "180+1"]
[Date "2022.10.25"]
[WhiteClock "0:00:02"]
[BlackClock "0:00:07"]

1. d4 Nf6 2. Nc3 d5 3. Bf4 a6 4. e3 e6 5. g4 h6 6. h4 c5 7. Bg2 Nc6 8. g5 hxg5 9. hxg5 Rxh1 10. Bxh1 Nd7 11. Nf3 Qb6 12. Rb1 g6 13. a3 Qa5 14. Qd2 Nb6 15. Bc7 Nc4 16. Bxa5 Nxd2 17. Nxd2 cxd4 18. Nxd5 exd5 19. Bb6 dxe3 20. Bxe3 d4 21. Bf4 Be6 22. Rd1 O-O-O 23. Be4 Bg7 24. Nf3 Re8 25. Kd2 Bg4 26. Rg1 Rxe4 27. Rxg4 Be5 28. Nxe5 Nxe5 29. f3 Nxf3+ 30. Kd3 Nxg5 31. Rh4 Rxf4 32. Rxf4 f5 33. Rxd4 Kc7 34. Rh4 Ne6 35. Rh6 Kd7 36. Ke3 g5 37. Rf6 f4+ 38. Ke4 Ke7 39. Ke5 Nc5 40. Rg6 Nd7+ 41. Ke4 Nf6+ 42. Kf5 Nd5 43. Rxg5 f3 44. Ke5 f2 45. Rf5 Ne3 46. Rxf2 Ng4+ 47. Kd5 Nxf2 48. Kc5 Kd7 49. Kb6 Kc8 50. c4 Nd3 51. b4 Ne5 52. Kc5 Kc7 53. Kd5 Nd7 54. c5 Nf6+ 55. Kc4 Kc6 56. a4 Ne4 57. b5+ axb5+ 58. axb5+ Kc7 59. Kd5 Nf6+ 60. Ke6 Ng4 61. Kd5 Ne3+ 62. Kd4 Nc2+ 63. Kc3 Na3 64. Kb4 Nb1 65. Kc4 Nd2+ 66. Kd5 Nf1 67. Ke6 Ne3 68. Ke5 Nc4+ 69. Kd4 Na3 70. c6 b6 71. Kd5 Nxb5 0-1


[Site "https://www.chess.com"]

[Event "Titled Tuesday Blitz October 25 Early 2022"]
[White "Matinian, Nikita"]
[Black "Kozak, Antoni"]
[WhiteFideId "24129100"]
[BlackFideId "21832030"]
[WhiteElo "2422"]
[BlackElo "2439"]
[Result "0-1"]
[Round "10"]
[TimeControl "180+1"]
[Date "2022.10.25"]
[WhiteClock "0:00:04"]
[BlackClock "0:00:07"]

1. e4 c6 2. d4 d5 3. e5 Bf5 4. Nf3 e6 5. Be2 Nd7 6. O-O Ne7 7. Nbd2 h6 8. Nb3 g5 9. a4 Qc7 10. a5 a6 11. c4 dxc4 12. Bxc4 Nd5 13. Bd2 Be7 14. Ne1 h5 15. Nd3 h4 16. Re1 h3 17. g4 Bg6 18. Bxd5 exd5 19. Bb4 Bxb4 20. Nxb4 Nf8 21. Rc1 Qe7 22. Nc5 Ne6 23. f3 Nf4 24. Qd2 Kf8 25. Nbd3 Bxd3 26. Nxd3 Ne6 27. Nc5 Kg7 28. Rc3 Nf4 29. Rb3 Rab8 30. Rbe3 Ne6 31. b4 Rhf8 32. Rd3 Rbe8 33. Qf2 Nf4 34. Rdd1 Ng2 35. Re2 Nf4 36. Ree1 Ng2 37. Qg3 f5 38. Qxh3 Nxe1 39. gxf5 Nc2 40. f6+ Rxf6 41. exf6+ Qxf6 42. Kh1 Re7 43. Rg1 Nxd4 44. Qg4 Qxf3+ 45. Qxf3 Nxf3 46. Rg3 Nd2 47. Rxg5+ Kf6 48. Rg8 Ne4 49. Nd3 Kf5 50. h4 Rh7 51. Rf8+ Ke6 52. Rf4 Kd6 53. Kg2 Rg7+ 54. Kh2 Rh7 55. Kh3 Rg7 56. h5 Rg3+ 57. Kh4 Rxd3 58. h6 Rd1 59. Kh5 Rh1+ 60. Kg6 Rg1+ 61. Kf7 Ke5 62. Rh4 Ng5+ 63. Ke7 d4 64. Rh5 Ke4 65. h7 Nxh7 66. Rxh7 d3 67. Ke6 d2 68. Rh4+ Kd3 69. Ke5 d1=Q 70. Rd4+ Kc3 71. Rxd1 Rxd1 0-1


[Site "https://www.chess.com"]

[Event "Titled Tuesday Blitz October 25 Early 2022"]
[White "Melikyan, Gnel"]
[Black "Svane, Frederik"]
[WhiteFideId "54109990"]
[BlackFideId "12923044"]
[WhiteElo "2138"]
[BlackElo "2466"]
[Result "0-1"]
[Round "10"]
[TimeControl "180+1"]
[Date "2022.10.25"]
[WhiteClock "0:01:14"]
[BlackClock "0:02:11"]

1. e4 c6 2. Nc3 g6 3. d4 d5 4. Nf3 Bg7 5. Be3 dxe4 6. Nxe4 Nd7 7. Bc4 Nb6 8. Bb3 Nf6 9. Nxf6+ exf6 10. Qd2 O-O 11. O-O Bg4 12. Ne1 a5 13. h3 Bf5 14. a4 Nd5 15. Nd3 Re8 16. Nf4 Nxe3 17. fxe3 Be4 18. Rae1 f5 19. c3 Qd6 20. Bc2 b5 21. Ra1 Bxc2 22. Qxc2 Rxe3 23. Nd3 Rae8 24. Rfe1 Qg3 25. Rxe3 Rxe3 26. Nf2 Bf8 27. axb5 Bd6 28. Kf1 cxb5 29. Rxa5 Qh2 30. Ra1 Rg3 31. Nd1 Qh1+ 0-1


[Site "https://www.chess.com"]

[Event "Titled Tuesday Blitz October 25 Early 2022"]
[White "Mikhailovsky, Vladimir"]
[Black "Faizrakhmanov, Ramil"]
[WhiteFideId "34105414"]
[BlackFideId "24103209"]
[WhiteElo "2297"]
[BlackElo "2421"]
[Result "0-1"]
[Round "10"]
[TimeControl "180+1"]
[Date "2022.10.25"]
[WhiteClock "0:00:02"]
[BlackClock "0:00:48"]

1. e4 c6 2. c4 d5 3. cxd5 cxd5 4. exd5 Nf6 5. Qa4+ Nbd7 6. Nc3 g6 7. Nf3 Bg7 8. Bc4 a6 9. d3 O-O 10. Qa3 b6 11. O-O Bb7 12. Re1 b5 13. Bb3 Re8 14. Be3 Nb6 15. Bxb6 Qxb6 16. Qb4 Qd6 17. Qh4 Nxd5 18. Ng5 h6 19. Nge4 Qf4 20. Qh3 Nxc3 21. bxc3 e6 22. Rac1 Rac8 23. c4 bxc4 24. Bxc4 Bd4 25. Rc2 h5 26. Qg3 Qxg3 27. hxg3 Red8 28. Rec1 Kg7 29. Bb3 Rxc2 30. Rxc2 Bb6 31. Bc4 Bd4 32. Bb3 Bd5 33. Bxd5 Rxd5 34. Kf1 Rb5 35. Ke2 Rb1 36. Nd2 Rb6 37. Nb3 Be5 38. d4 Bd6 39. Ke3 g5 40. Na5 Rb4 41. Rc6 Ra4 0-1


[Site "https://www.chess.com"]

[Event "Titled Tuesday Blitz October 25 Early 2022"]
[White "Mirzoev, Azer"]
[Black "Oganian, Miran"]
[WhiteFideId "13400304"]
[BlackFideId "4122488"]
[WhiteElo "2525"]
[BlackElo "2339"]
[Result "0-1"]
[Round "10"]
[TimeControl "180+1"]
[Date "2022.10.25"]
[WhiteClock "0:00:02"]
[BlackClock "0:00:18"]

1. d4 d5 2. Nf3 e6 3. Bf4 Nf6 4. e3 g6 5. c4 Bg7 6. Nc3 O-O 7. h3 c5 8. dxc5 Qa5 9. Nd2 Qxc5 10. Rc1 Nc6 11. Nb3 Qe7 12. Be2 Rd8 13. Qc2 Nb4 14. Qb1 e5 15. Bg5 d4 16. a3 dxc3 17. axb4 cxb2 18. Qxb2 Qe6 19. O-O h6 20. Bh4 g5 21. Bg3 Ne4 22. Bh2 b6 23. Qc2 Bb7 24. Rfd1 Bf8 25. c5 Bd5 26. Nd2 Nxd2 27. Qxd2 bxc5 28. bxc5 Be7 29. Qa5 Qc6 30. Bf1 Bf6 31. Bb5 Qe6 32. c6 a6 33. Ba4 Be4 34. Bg3 Rxd1+ 35. Rxd1 Bxc6 36. Bxc6 Qxc6 37. Bxe5 Qc2 38. Ra1 Qf5 39. Bxf6 Qxf6 40. Qa4 a5 41. g3 Qe5 42. Kg2 Kg7 43. h4 Ra6 44. hxg5 hxg5 45. Ra2 Qf5 46. e4 Qe5 47. Ra3 g4 48. Re3 Rf6 49. Qa2 Qh5 50. e5 Qh3+ 51. Kg1 Rh6 52. Qd5 Qh2+ 53. Kf1 Rb6 54. Re1 Rb2 55. Qd4 Qh1# 0-1


[Site "https://www.chess.com"]

[Event "Titled Tuesday Blitz October 25 Early 2022"]
[White "Perez Ponsa, Federico"]
[Black "Matlakov, Maxim"]
[WhiteFideId "117927"]
[BlackFideId "4168003"]
[WhiteElo "2604"]
[BlackElo "2669"]
[Result "1-0"]
[Round "10"]
[TimeControl "180+1"]
[Date "2022.10.25"]
[WhiteClock "0:00:05"]
[BlackClock "0:00:39"]

1. e4 e5 2. Nf3 Nc6 3. Bb5 a6 4. Ba4 Nf6 5. O-O Bc5 6. Bxc6 dxc6 7. d3 Qe7 8. c3 Bg4 9. h3 Bh5 10. Nbd2 O-O-O 11. Qc2 g5 12. d4 exd4 13. cxd4 Ba7 14. e5 Nd5 15. Qf5+ Qd7 16. Qxg5 Bg6 17. Qg4 Bf5 18. Qh4 Rhg8 19. Kh2 Nb4 20. Nb3 Nc2 21. Rb1 Nxd4 22. Nbxd4 Bxb1 23. Bg5 Bd3 24. Rd1 Be2 25. Rd2 Bf1 26. Kg1 Bxg2 27. Kxg2 f6 28. exf6 Qd5 29. Qg4+ Kb8 30. Ne6 Qxd2 31. Nxd2 1-0


[Site "https://www.chess.com"]

[Event "Titled Tuesday Blitz October 25 Early 2022"]
[White "Pultinevicius, Paulius"]
[Black "Martinez Alcantara, Jose Eduardo"]
[WhiteFideId "12809390"]
[BlackFideId "3805662"]
[WhiteElo "2500"]
[BlackElo "2703"]
[Result "1/2-1/2"]
[Round "10"]
[TimeControl "180+1"]
[Date "2022.10.25"]
[WhiteClock "0:00:10"]
[BlackClock "0:00:05"]

1. d4 Nf6 2. c4 e6 3. Nf3 Bb4+ 4. Bd2 c5 5. g3 b6 6. Bg2 Bb7 7. O-O O-O 8. Bxb4 cxb4 9. a3 bxa3 10. Rxa3 a5 11. Nbd2 Na6 12. Qb1 h6 13. e4 d6 14. Re1 Qc7 15. Rc3 e5 16. Nf1 Rfe8 17. b3 b5 18. N1d2 b4 19. Rce3 Nd7 20. h3 Nab8 21. Qb2 Nc6 22. Rd3 a4 23. bxa4 Rxa4 24. Rc1 exd4 25. Nxd4 Nxd4 26. Qxd4 Nc5 27. Qxd6 Qc8 28. Rd4 Ra6 29. Qf4 Ne6 30. Qe3 Nxd4 31. Qxd4 Rd8 32. Qb2 Qd7 33. Nb3 Qe7 34. c5 Rc8 35. Rc4 Ra4 36. Qd2 Rd8 37. Qe1 Bc6 38. Rxb4 Qe5 39. Kh2 g5 40. Rxa4 Bxa4 41. Qa5 Qe8 42. Nd2 Bb5 43. e5 Kg7 44. Ne4 Rb8 45. Qc3 Qe6 46. Nd6 Ba6 47. c6 Rb3 48. Qc5 Rb2 49. c7 Re2 50. c8=Q Bxc8 51. Nxc8 Rxe5 52. Qd4 Qf6 53. Nd6 Re6 54. Nf5+ Kg6 55. Qxf6+ Kxf6 56. g4 h5 57. Kg3 hxg4 58. hxg4 Ke5 59. Kf3 Rb6 60. Ne3 Rb4 61. Ke2 Ra4 62. Kf3 Ra3 63. Kg3 Kd4 64. Bf3 Ra5 65. Nf5+ Ke5 66. Nh6 Ra7 67. Nf5 Ra4 68. Bg2 Ra3+ 69. f3 Ra2 70. Nh6 Ra7 71. Bf1 Kd5 72. Bd3 Kd4 73. Be4 Ke5 74. Bc2 Rb7 75. Ba4 f6 76. Bc2 Rc7 77. Be4 Ra7 78. Nf5 Ra1 79. Ne7 Rg1+ 80. Kf2 Ra1 81. Ke3 Ra3+ 82. Kf2 Ra2+ 83. Kg3 Ra1 84. Nc6+ Ke6 85. Nd4+ Ke5 86. Nc2 Ra4 87. Ne3 Ra7 88. Nc4+ Kd4 89. Nd6 Ke5 90. Nf5 Ra1 91. Kf2 Ra2+ 92. Ke3 Ra3+ 93. Kd2 Ra2+ 94. Kd3 Ra3+ 95. Ke2 Ra2+ 96. Ke3 Ra3+ 97. Bd3 Ra4 98. Ng3 Ra1 99. Ne2 Ra3 100. Nd4 Ra8 101. Nc6+ Kd6 102. Be4 Ra4 103. Nd4 Ke5 104. Nc6+ Kd6 105. Kd3 Kc5 106. Kc3 Ra3+ 107. Kd2 Kd6 108. Nb4 Ra4 109. Nd3 Ra3 110. Ke3 Ra4 111. Nb2 Rb4 112. Nd1 Ke5 113. Nf2 Rb3+ 114. Nd3+ Kd6 115. Kd4 Ra3 116. Nc5 Ra7 117. Bd3 Ra1 118. Ne4+ Ke7 119. Kd5 Ra5+ 120. Nc5 Ra3 121. Be4 Ra5 122. Kc6 Ra3 123. Nd3 Ra6+ 124. Kc5 Ra5+ 125. Kb6 Ra1 1/2-1/2


[Site "https://www.chess.com"]

[Event "Titled Tuesday Blitz October 25 Early 2022"]
[White "Rohith Krishna S"]
[Black "Krysa, Leandro"]
[WhiteFideId "46617051"]
[BlackFideId "116807"]
[WhiteElo "2270"]
[BlackElo "2486"]
[Result "1-0"]
[Round "10"]
[TimeControl "180+1"]
[Date "2022.10.25"]
[WhiteClock "0:00:34"]
[BlackClock "0:00:02"]

1. e4 g6 2. d4 Bg7 3. Nf3 d6 4. Bd3 Nf6 5. O-O O-O 6. c3 c5 7. Bg5 cxd4 8. cxd4 Bg4 9. Nbd2 Nc6 10. h3 Bxf3 11. Nxf3 Nd7 12. d5 Nce5 13. Nxe5 Nxe5 14. Be2 Rc8 15. Qb3 Rc7 16. Rac1 h6 17. Be3 b6 18. f4 Nd7 19. Rc6 Nc5 20. Qc2 a5 21. b3 Qc8 22. Bb5 Rxc6 23. dxc6 Qe6 24. Bf2 Rc8 25. f5 Qe5 26. fxg6 fxg6 27. Qc4+ Kh7 28. Bxc5 bxc5 29. Rf7 g5 30. Qd5 Qxd5 31. exd5 Rc7 32. Bd3+ Kg8 33. Bg6 a4 34. bxa4 c4 35. Kf1 c3 36. Ke2 Ra7 37. Kd3 Bf6 38. Kc2 Rxa4 39. Kb3 Ra7 40. Rh7 Ra8 41. Bf5 Rb8+ 42. Kc2 Rb2+ 43. Kc1 1-0


[Site "https://www.chess.com"]

[Event "Titled Tuesday Blitz October 25 Early 2022"]
[White "Rozman, Levy"]
[Black "Pranav, V"]
[WhiteFideId "2039877"]
[BlackFideId "25060783"]
[WhiteElo "2376"]
[BlackElo "2430"]
[Result "0-1"]
[Round "10"]
[TimeControl "180+1"]
[Date "2022.10.25"]
[WhiteClock "0:00:03"]
[BlackClock "0:00:10"]

1. e4 e5 2. Nc3 Nf6 3. f4 d5 4. fxe5 Nxe4 5. Qf3 Nc6 6. Bb5 Nxc3 7. dxc3 a6 8. Bxc6+ bxc6 9. Ne2 Bc5 10. Be3 Bxe3 11. Qxe3 O-O 12. O-O-O Re8 13. Nd4 Bd7 14. Nb3 a5 15. c4 Qe7 16. cxd5 cxd5 17. Nc5 Be6 18. Rhe1 Red8 19. g3 a4 20. Qd4 Rdb8 21. a3 Rb5 22. Nxe6 fxe6 23. c3 Rab8 24. Re2 Rxb2 25. Rxb2 Qxa3 26. c4 c5 27. Kb1 cxd4 28. Rxb8+ Kf7 29. Rxd4 Qe3 30. Rf4+ Kg6 31. cxd5 Qe1+ 32. Ka2 Qxe5 33. Rb2 Qxd5+ 34. Ka3 Qd3+ 35. Kxa4 e5 36. Rfb4 e4 37. Rb6+ Kh5 38. R2b3 Qc4+ 39. R3b4 Qa2+ 40. Kb5 e3 41. Rc6 e2 42. Rc5+ g5 43. h4 e1=Q 44. hxg5 Qee2+ 45. Kb6 Qaa6+ 46. Kc7 Qe7+ 47. Kb8 Qea7# 0-1


[Site "https://www.chess.com"]

[Event "Titled Tuesday Blitz October 25 Early 2022"]
[White "Rustemov, Alexander"]
[Black "Peyrer, Konstantin"]
[WhiteFideId "4119002"]
[BlackFideId "1640879"]
[WhiteElo "2790"]
[BlackElo "2415"]
[Result "0-1"]
[Round "10"]
[TimeControl "180+1"]
[Date "2022.10.25"]
[WhiteClock "0:00:23"]
[BlackClock "0:00:57"]

1. d4 Nf6 2. c4 g6 3. Nf3 Bg7 4. g3 O-O 5. Bg2 c5 6. Nc3 cxd4 7. Nxd4 Nc6 8. O-O d6 9. e3 Bd7 10. b3 Qa5 11. Bb2 Rfc8 12. Qd2 a6 13. Rfd1 Rab8 14. Rac1 Nxd4 15. Qxd4 Bc6 16. Qd3 Bxg2 17. Kxg2 Nd7 18. Rc2 Ne5 19. Qd5 Rc5 20. Qe4 f5 21. Qd4 Nxc4 22. Qxc5 Qxc5 23. bxc4 Qxc4 24. Rcc1 Bxc3 25. Bxc3 Rc8 26. a3 Qb3 27. Bb4 Rxc1 28. Rxc1 a5 29. Bxa5 Qd5+ 30. Kg1 Qxa5 31. Rb1 Qxa3 32. Rxb7 Qa1+ 33. Kg2 Qa8 0-1


[Site "https://www.chess.com"]

[Event "Titled Tuesday Blitz October 25 Early 2022"]
[White "Sanal, Vahap"]
[Black "Srihari L R"]
[WhiteFideId "6300545"]
[BlackFideId "46617116"]
[WhiteElo "2574"]
[BlackElo "2336"]
[Result "1-0"]
[Round "10"]
[TimeControl "180+1"]
[Date "2022.10.25"]
[WhiteClock "0:00:32"]
[BlackClock "0:00:09"]

1. Nf3 g6 2. e4 c5 3. Bc4 Bg7 4. h4 h5 5. Ng5 e6 6. Nc3 a6 7. a4 Nc6 8. d3 Nge7 9. Ba2 Rb8 10. Be3 d6 11. f4 b5 12. axb5 axb5 13. O-O O-O 14. g4 b4 15. Na4 hxg4 16. Qxg4 Nd4 17. Rf2 b3 18. cxb3 f5 19. Qh3 Nxb3 20. h5 Qe8 21. hxg6 Qxg6 22. Raf1 e5 23. Qh4 exf4 24. Rxf4 Be5 25. R4f2 Kg7 26. Rg2 Rh8 27. Ne6+ Kf7 28. Nd8+ Ke8 29. Qxe7+ Kxe7 30. Nc6+ Kd7 31. Nxb8+ 1-0


[Site "https://www.chess.com"]

[Event "Titled Tuesday Blitz October 25 Early 2022"]
[White "Seliverstov, Vladimir"]
[Black "Bortnyk, Olexandr"]
[WhiteFideId "4192036"]
[BlackFideId "14120828"]
[WhiteElo "2489"]
[BlackElo "2723"]
[Result "0-1"]
[Round "10"]
[TimeControl "180+1"]
[Date "2022.10.25"]
[WhiteClock "0:00:51"]
[BlackClock "0:01:01"]

1. d4 d6 2. c4 e5 3. Nf3 e4 4. Nfd2 f5 5. Nc3 g6 6. e3 Bh6 7. Be2 Nf6 8. Qc2 O-O 9. b3 c6 10. Bb2 d5 11. O-O-O Be6 12. h3 a5 13. Rdg1 f4 14. exf4 Bxf4 15. Kb1 Na6 16. a3 e3 17. fxe3 Bxe3 18. Re1 Bxd4 19. cxd5 cxd5 20. Nf3 Bf2 21. Rd1 Nc5 22. Nd4 Bxd4 23. Rxd4 Bf5 24. Bd3 Nxd3 25. Rxd3 Rc8 26. g4 Be4 27. g5 Bxh1 28. gxf6 Be4 29. Qd2 Bxd3+ 30. Qxd3 Qxf6 31. Qxd5+ Qf7 32. Qe5 Qxb3 33. Nd1 Qxd1+ 34. Ka2 Qd7 0-1


[Site "https://www.chess.com"]

[Event "Titled Tuesday Blitz October 25 Early 2022"]
[White "Shipov, Sergei"]
[Black "Sarana, Alexey"]
[WhiteFideId "4113624"]
[BlackFideId "24133795"]
[WhiteElo "2729"]
[BlackElo "2689"]
[Result "1-0"]
[Round "10"]
[TimeControl "180+1"]
[Date "2022.10.25"]
[WhiteClock "0:00:22"]
[BlackClock "0:00:01"]

1. d4 Nf6 2. c4 e6 3. Nc3 d5 4. cxd5 exd5 5. Bg5 Be7 6. e3 Bg4 7. Qb3 Nbd7 8. Be2 Be6 9. Nf3 c5 10. O-O c4 11. Qxb7 O-O 12. Bf4 Qa5 13. Bc7 Qb4 14. Qxb4 Bxb4 15. Nd2 Rfc8 16. Bg3 Rc6 17. Bf3 Nb6 18. Rfc1 g5 19. h3 h5 20. Be5 Nfd7 21. Bh2 g4 22. hxg4 hxg4 23. Be2 f5 24. Rab1 Re8 25. Bd1 Rec8 26. Bf4 Kf7 27. Nf1 Nf6 28. Ng3 Nbd7 29. Nge2 Ne4 30. Nxe4 fxe4 31. a3 Be7 32. b4 cxb3 33. Rxc6 Rxc6 34. Bxb3 Bxa3 35. Ra1 Ra6 36. Nc3 Ra5 37. Bxd5 Bxd5 38. Nxd5 Bb4 39. Rb1 Be7 40. Nc3 1-0


[Site "https://www.chess.com"]

[Event "Titled Tuesday Blitz October 25 Early 2022"]
[White "Vachylia, Andrii"]
[Black "Costachi, Mihnea"]
[WhiteFideId "14137224"]
[BlackFideId "1217518"]
[WhiteElo "2318"]
[BlackElo "2437"]
[Result "1-0"]
[Round "10"]
[TimeControl "180+1"]
[Date "2022.10.25"]
[WhiteClock "0:00:07"]
[BlackClock "0:00:08"]

1. e4 e5 2. Nf3 Nc6 3. Bb5 a6 4. Ba4 Nf6 5. O-O Be7 6. Re1 b5 7. Bb3 O-O 8. c3 d5 9. exd5 Nxd5 10. Nxe5 Nxe5 11. Rxe5 c6 12. d4 Bd6 13. Re1 Qh4 14. g3 Qh3 15. Qf3 Bg4 16. Qg2 Qh5 17. Be3 Bf3 18. Qf1 f5 19. Nd2 f4 20. Bxf4 Rxf4 21. Nxf3 Rxf3 22. Bd1 Qf7 23. Bxf3 Qxf3 24. Qe2 Qxe2 25. Rxe2 Kf7 26. Rae1 Nc7 27. Kg2 a5 28. f4 Rd8 29. Kf3 c5 30. dxc5 Bxc5 31. Re5 Bd6 32. Rf5+ Kg6 33. g4 h6 34. h4 a4 35. h5+ Kh7 36. g5 hxg5 37. fxg5 Kg8 38. Kg4 b4 39. Rd1 a3 40. cxb4 axb2 41. Rf2 Re8 42. Rxb2 Re4+ 43. Kf3 Rf4+ 44. Ke3 Be5 45. Rb3 Ne6 46. b5 Bd4+ 47. Ke2 Nc5 48. Rb4 Rf2+ 49. Ke1 Be3 50. b6 Nb7 51. a4 Ra2 52. Rd7 Bc5 53. Rb5 Bf2+ 54. Kf1 Nc5 55. Rd8+ Kf7 56. b7 Bg3 57. b8=Q Rf2+ 58. Kg1 Bxb8 59. Rbxb8 Ra2 60. Rbc8 Ne4 61. Rd7+ Ke6 62. Re8+ Kxd7 63. Rxe4 Ra1+ 64. Kg2 Ra3 65. h6 Kd6 66. h7 Rh3 67. Kxh3 Kd5 68. Rh4 Ke5 69. h8=Q Kf5 70. Qf8+ Kg6 71. Qd6+ Kf5 72. Rf4+ Kxg5 73. Qe5+ Kg6 74. Qf5+ Kh6 75. Rh4# 1-0


[Site "https://www.chess.com"]

[Event "Titled Tuesday Blitz October 25 Early 2022"]
[White "Aradhya, Garg"]
[Black "Papasimakopoulos, Alexandros"]
[WhiteFideId "25006746"]
[BlackFideId "4244125"]
[WhiteElo "2223"]
[BlackElo "2357"]
[Result "1-0"]
[Round "11"]
[TimeControl "180+1"]
[Date "2022.10.25"]
[WhiteClock "0:00:44"]
[BlackClock "0:00:06"]

1. d4 e6 2. e4 d5 3. e5 b6 4. Nf3 Ne7 5. h4 Ba6 6. Bxa6 Nxa6 7. Qe2 Nb8 8. h5 h6 9. a4 a5 10. Nc3 Nec6 11. Nb5 Na7 12. c3 c6 13. Na3 Bxa3 14. Rxa3 c5 15. O-O O-O 16. Rd1 Nac6 17. c4 Nb4 18. cxd5 exd5 19. e6 N8c6 20. Re3 Qd6 21. b3 Rfe8 22. exf7+ Kxf7 23. Re1 Rxe3 24. Bxe3 Re8 25. dxc5 bxc5 26. Bxc5 Rxe2 27. Bxd6 Rb2 28. Ne5+ Nxe5 29. Rxe5 Rxb3 30. Re7+ Kf6 31. Ra7 Nd3 32. f3 Rb2 33. Rxa5 Ne1 34. Rxd5 Ke6 35. Re5+ Kxd6 36. Rxe1 Rb4 37. Re4 Rb2 38. Rg4 Ra2 39. Rxg7 Ke5 40. Rg6 Rxa4 41. Rxh6 Kf4 42. Rg6 Ra5 43. Rg4+ Kf5 44. h6 Ra7 45. Rh4 Rh7 46. Rh5+ Kg6 47. g4 Kf7 48. Kg2 Kg8 49. Kg3 Rc7 50. Rg5+ Kh7 51. Rg7+ 1-0


[Site "https://www.chess.com"]